[Event "Early-Titled-Tuesday-Blitz-February-20-2024"]
[Site "Chess.com"]
[Date "2024.02.20"]
[Round "3"]
[White "Viacheslav92"]
[Black "RamyresCoelho"]
[Result "1-0"]
[WhiteElo "2550"]
[BlackElo "2245"]
[TimeControl "180+1"]
[EndTime "8:28:43 PST"]
[Termination "Viacheslav92 won by checkmate"]

1. e4 c5 2. Nf3 d6 3. d4 cxd4 4. Nxd4 Nf6 5. Nc3 a6 6. Rg1 h5 7. h3 e6 8. g4 hxg4 9. hxg4 Be7 10. g5 Nfd7 11. Be3 Ne5 12. f4 Ng6 13. Qd2 Nc6 14.
O-O-O Nxd4 15. Bxd4 Qc7 16. Bxg7 Rh4 17. f5 exf5 18. Nd5 Qd8 19. Nxe7 Qxe7 20. Bf6 Qe6 21. exf5 Qxa2 22. Qe3+ Kf8 23. fxg6 Be6 24. Bd3 Rh2 25. b3 Rc8 26. Rd2 Rh4 27. gxf7 Qxb3 28. g6 Rxc2+ 29. Rxc2 Qa3+ 30. Bb2 Qa5 31. g7+ Ke7 32. f8=Q+ Kd7 33. g8=Q Qa1+ 34. Bxa1 Rb4 35. Qd8# 1-0

[Event "Early-Titled-Tuesday-Blitz-February-20-2024"]
[Site "Chess.com"]
[Date "2024.02.20"]
[Round "3"]
[White "AlexPapasimakopoulos"]
[Black "Juicy_Fork"]
[Result "1-0"]
[WhiteElo "2768"]
[BlackElo "2483"]
[TimeControl "180+1"]
[EndTime "8:28:45 PST"]
[Termination "AlexPapasimakopoulos won by resignation"]

1. d4 Nf6 2. c4 g6 3. Nc3 Bg7 4. Bg5 O-O 5. e3 d6 6. Nf3 c5 7. Be2 h6 8. Bh4 g5 9. Bg3 g4 10. Nd2 cxd4 11. exd4 Nc6 12. d5 Nd4 13. O-O Qb6 14.
b3 Bf5 15. Rc1 h5 16. Re1 Nd7 17. Nde4 Nc5 18. Nxc5 dxc5 19. Bd3 Bxd3 20. Qxd3 Rae8 21. Be5 Qg6 22. Qxg6 fxg6 23. Bxg7 Kxg7 24. Ne4 b6 25. Ng5 Rf6 26. Re5 Rf5 27. Ne6+ Kf6 28. Re3 Kf7 29.
Nxd4 cxd4 30. Re4 e5 31. dxe6+ Rxe6 32. Rce1 Rff6 33. Kf1 d3 34. R4e3 Rxe3 35. Rxe3 Rd6 36. Ke1 g5 37. Kd2 Rf6 38. f3 gxf3 39. Rxf3 Rxf3 40.
gxf3 Kf6 41. Kxd3 Kf5 42. Ke3 g4 43. b4 a5 44. c5 bxc5 45. fxg4+ hxg4 46. bxa5 Ke5 47. a6 Kd6 48. a7 1-0

[Event "Early-Titled-Tuesday-Blitz-February-20-2024"]
[Site "Chess.com"]
[Date "2024.02.20"]
[Round "3"]
[White "FLYD"]
[Black "Chessdude1987"]
[Result "0-1"]
[WhiteElo "1863"]
[BlackElo "2315"]
[TimeControl "180+1"]
[EndTime "8:28:46 PST"]
[Termination "Chessdude1987 won on time"]

1. e4 e6 2. d4 d5 3. Nc3 Nf6 4. Bg5 h6 5. Bxf6 Qxf6 6. exd5 Bb4 7. Nf3 exd5 8. Bd3 Bxc3+ 9. bxc3 O-O 10. O-O c5 11. c4 dxc4 12. Bxc4 Nc6 13. d5 Na5 14.
Be2 c4 15. Qd2 b6 16. Nd4 Rd8 17. Bf3 Bb7 18. Ne2 Rd6 19. Nc3 Rd7 20. Rad1 Rad8 21.
Qe3 Qg5 22. Qd4 f5 23. Rfe1 Kh7 24. Re6 Rf8 25. h4 Qd8 26. Nb5 a6 27. Nc3 b5 28.
h5 b4 29. Ne2 Rd6 30. Nf4 Rf6 31. Rxf6 Rxf6 32. Ne6 Qd6 33. Nc5 Ba8 34. Na4 c3 35. Nb6 Bb7 36. Nc4 Nxc4 37. Qxc4 Rf7 38. Rd4 a5 39.
Qb5 Re7 40. Rd1 Re5 41. Qxa5 Qe7 0-1

[Event "Early-Titled-Tuesday-Blitz-February-20-2024"]
[Site "Chess.com"]
[Date "2024.02.20"]
[Round "3"]
[White "jaskol95"]
[Black "xamax2000"]
[Result "0-1"]
[WhiteElo "2590"]
[BlackElo "2859"]
[TimeControl "180+1"]
[EndTime "8:28:47 PST"]
[Termination "xamax2000 won by resignation"]

1. d4 d5 2. Nc3 Nf6 3. Bf4 c5 4. e4 cxd4 5. Qxd4 Nc6 6. Bb5 Bd7 7. Bxc6 Bxc6 8. e5 Nd7 9. e6 fxe6 10. Nf3 Qb6 11.
Qxb6 axb6 12. O-O g5 13. Nxg5 e5 14. Bg3 d4 15. Nb1 Bd5 16. Re1 Bg7 17. Nd2 O-O 18. Ngf3 Rf5 19. Nh4 Rh5 20. Nhf3 b5 21. Ne4 b4 22. a3 bxa3 23. Rxa3 Rxa3 24. bxa3 Rf5 25. Nfd2 Rf8 26. c4 Bc6 27. Rb1 Ra8 28. Rb3 h6 29. f3 Bf8 30. Kf2 e6 31. c5 Bd5 32. Rd3 Bxc5 33.
Nb1 Be7 34. Rd2 Ra5 35. Re2 Kf7 36. h4 Rb5 37. h5 Nc5 38. Ned2 Nd3+ 39. Kg1 Bg5 40.
Bxe5 Nxe5 41. Rxe5 Rb2 42. Kh2 Bf4+ 43. g3 Bxe5 44.
f4 0-1

[Event "Early-Titled-Tuesday-Blitz-February-20-2024"]
[Site "Chess.com"]
[Date "2024.02.20"]
[Round "3"]
[White "NikitaShnadrygin"]
[Black "Bauman_Guy"]
[Result "0-1"]
[WhiteElo "2693"]
[BlackElo "2906"]
[TimeControl "180+1"]
[EndTime "8:28:48 PST"]
[Termination "Bauman_Guy won on time"]

1. Nf3 d5 2. g3 c6 3. Bg2 Bg4 4. Ne5 Bf5 5. O-O Nd7 6. d4 e6 7.
b3 Nxe5 8. dxe5 Ne7 9. Bb2 h6 10. Nd2 a5 11. e4 Bh7 12. exd5 cxd5 13. c4 a4 14. cxd5 Nxd5 15. Nc4 a3 16. Bd4 Be7 17. Bxd5 Qxd5 18. Nb6 Qa5 19. Nxa8 Qxa8 20. Qf3 O-O 21. Rac1 Rd8 22. Qe3 b5 23. Rfd1 Bf5 24. f3 Bg5 25. f4 Be7 26. Bb6 Bh3 27. Qe2 Rxd1+ 28. Rxd1 Qc6 29.
Bd4 h5 30. Be3 Bg4 31. Qd2 Bxd1 32. Qxd1 h4 33. gxh4 Qe4 34. Qd2 Bxh4 35. Bf2 Be7 36. Qd7 Bf8 37. Qd2 g6 38. Be3 Bb4 39. Qf2 Bc3 40.
Qe2 Bd4 0-1

[Event "Early-Titled-Tuesday-Blitz-February-20-2024"]
[Site "Chess.com"]
[Date "2024.02.20"]
[Round "3"]
[White "DreamsAreFake"]
[Black "Shield12"]
[Result "1/2-1/2"]
[WhiteElo "2754"]
[BlackElo "2968"]
[TimeControl "180+1"]
[EndTime "8:28:49 PST"]
[Termination "Game drawn by repetition"]

1. Nf3 c5 2. g3 g6 3. Bg2 Bg7 4.
c3 Nf6 5. d4 cxd4 6. cxd4 d5 7.
O-O Nc6 8. Ne5 O-O 9. Nc3 e6 10. Bf4 Nh5 11. Nxc6 bxc6 12. Be3 Rb8 13. Na4 Nf6 14.
Rc1 Ng4 15. Bf4 Rb4 16. e3 e5 17. dxe5 Nxe5 18. b3 Ba6 19. Bxe5 Bxe5 20. Re1 Qd6 21.
Qc2 Bb7 22. Qc5 Rb5 23. Qxd6 Bxd6 24. Red1 f5 25. Bf1 Ra5 26. Rc2 Rc8 27. Bg2 Kf7 28. Rdc1 Ke6 29. Nc5+ Bxc5 30. Rxc5 Rxa2 31. Bxd5+ cxd5 32. Rxc8 Bxc8 33. Rxc8 Rb2 34. Rc7 a5 35. Rxh7 Rxb3 36.
Ra7 Ra3 37. Ra6+ Kf7 38. h4 Ra1+ 39. Kg2 a4 40. Kf3 Ra2 41. Rd6 Rd2 42. Ra6 Ra2 43.
Rd6 Rd2 44. Ra6 Ra2 1/2-1/2

[Event "Early-Titled-Tuesday-Blitz-February-20-2024"]
[Site "Chess.com"]
[Date "2024.02.20"]
[Round "3"]
[White "Fandorine"]
[Black "MyDream003"]
[Result "1-0"]
[WhiteElo "2963"]
[BlackElo "2732"]
[TimeControl "180+1"]
[EndTime "8:28:49 PST"]
[Termination "Fandorine won on time"]

1. d4 g6 2. e4 Bg7 3. Nf3 d6 4. Bc4 e6 5. O-O Ne7 6. Re1 O-O 7. a4 a6 8. a5 b5 9. axb6 cxb6 10. Nbd2 Bb7 11.
c3 Nd7 12. Bd3 Qc7 13. h4 Nf6 14. Nf1 e5 15. Ng3 Rfe8 16. h5 b5 17. h6 Bh8 18. d5 Nd7 19. Be3 Nc5 20. Bc2 Bc8 21.
Nd2 Bd7 22. b4 Nb7 23. Ra3 a5 24. Qa1 Nc8 25. Bd3 Ne7 26. c4 Rab8 27. bxa5 b4 28. Ra2 Nc5 29. Bxc5 dxc5 30. Nb3 Nc8 31. a6 Nd6 32. Ra5 Qa7 33. Nxc5 b3 34. Nxd7 Qxd7 35. c5 b2 36. Qb1 Nc8 37. Ra2 Qa7 38. Rxb2 Rxb2 39.
Qxb2 Qxc5 40. Qb5 Qe7 41. Qb7 Qc5 42. Qc6 Qe7 43. Rb1 Nd6 44. a7 Qd8 45. Rb8 1-0

[Event "Early-Titled-Tuesday-Blitz-February-20-2024"]
[Site "Chess.com"]
[Date "2024.02.20"]
[Round "3"]
[White "erugee"]
[Black "pfalcon1949"]
[Result "1-0"]
[WhiteElo "2324"]
[BlackElo "1974"]
[TimeControl "180+1"]
[EndTime "8:28:49 PST"]
[Termination "erugee won on time"]

1. e4 e6 2. d3 d5 3. Nd2 c5 4. Ngf3 Nc6 5. g3 Bd6 6. Bg2 Nge7 7. O-O O-O 8. Re1 f6 9. c3 d4 10. c4 e5 11. Nf1 a6 12. h4 b5 13. b3 Rb8 14.
cxb5 axb5 15. Bd2 c4 16. bxc4 bxc4 17. dxc4 Nb4 18. N1h2 Nd3 19. Rf1 Ba6 20. Qc2 Nb2 21. Rfc1 Nxc4 22. Bh3 Nxd2 23. Qxd2 Bb4 24. Qd1 Qd6 25.
Ne1 Rfd8 26. Nd3 Bc3 27. Rab1 Rxb1 28. Rxb1 Qa3 29. Be6+ Kh8 30. Rb6 Qa5 31. Rb3 Nc8 32. h5 Nd6 33. h6 g6 34. Qf3 Rf8 35. Ng4 Bxd3 36. Qxd3 Qxa2 37. Kg2 Qd2 38. Qa6 Qe1 39. Qxd6 Qxe4+ 40. f3 Qe2+ 41. Nf2 1-0

[Event "Early-Titled-Tuesday-Blitz-February-20-2024"]
[Site "Chess.com"]
[Date "2024.02.20"]
[Round "3"]
[White "Smile2005"]
[Black "only_strong_moves"]
[Result "0-1"]
[WhiteElo "2401"]
[BlackElo "2655"]
[TimeControl "180+1"]
[EndTime "8:28:52 PST"]
[Termination "only_strong_moves won by checkmate"]

1. e4 g6 2. d4 Bg7 3. Nf3 d6 4. Nc3 a6 5. Be2 b5 6. a3 Nf6 7. e5 Nfd7 8. Bf4 O-O 9. O-O Bb7 10. Re1 dxe5 11. dxe5 Nc5 12. Nd4 Nc6 13. Nxc6 Bxc6 14. Bf3 Qxd1 15. Raxd1 Bxf3 16. gxf3 Rfd8 17. Be3 Ne6 18. f4 c6 19. Kg2 Bh6 20. Kf3 Kf8 21.
Ne4 Rd5 22. c4 bxc4 23. Rc1 Nd4+ 24. Kg2 Ne6 25. Kf3 Rd3 26. Rxc4 Bxf4 27. Ke2 Rd5 28. Rxc6 Rxe5 29. Kf3 Rf5 30. Bxf4 Nd4+ 31. Ke3 Nxc6 32. Rc1 Rc8 33. Nc5 Ke8 34. Na4 e5 35. Bg3 Rf3+ 36. Ke4 f5+ 37. Kd5 Ne7+ 38. Ke6 Rxc1 39.
Bxe5 Rc6+ 40. Bd6 Rxf2 41. Kf6 Rxd6+ 42. Kg7 f4 43. Nc5 f3 44. Ne4 Rfd2 45. Nxd6+ Rxd6 46. a4 f2 47. a5 f1=Q 48. h4 Qf7+ 49. Kh8 g5 50. h5 Rg6 51. hxg6 hxg6 52. b4 Nf5 53. b5 Nh6 54. b6 Nf5 55. b7 Qg7# 0-1

[Event "Early-Titled-Tuesday-Blitz-February-20-2024"]
[Site "Chess.com"]
[Date "2024.02.20"]
[Round "3"]
[White "Akylbek2021"]
[Black "Kotlyar_K"]
[Result "0-1"]
[WhiteElo "2274"]
[BlackElo "2598"]
[TimeControl "180+1"]
[EndTime "8:28:52 PST"]
[Termination "Kotlyar_K won by checkmate"]

1. e4 e5 2. Nf3 Nc6 3. Bb5 a6 4. Ba4 Nf6 5. Bxc6 dxc6 6. d3 Bd6 7. Nbd2 Qe7 8. Nc4 b5 9. Ne3 h6 10. Nh4 g6 11. a4 Bd7 12. Bd2 Nxe4 13. Nxg6 Nxf2 14. Qh5 Nxd3+ 15. cxd3 fxg6 16. Qxg6+ Qf7 17. Qe4 Rb8 18. Bc3 Qe6 19. O-O b4 20. Nf5 Qd5 21.
Ng7+ Kd8 22. Qh4+ Kc8 23. Bd2 Qxd3 24. Bxh6 Kb7 25. Rad1 Qh7 26. Rf7 Qxh6 27. Qxh6 Rxh6 28.
Rxd7 Kc8 29. Rf7 b3 30. Nf5 Rg6 31. h4 Rb4 32. h5 Rg8 33. a5 Rbg4 34. h6 Rxg2+ 35.
Kh1 e4 36. h7 Rh2# 0-1

[Event "Early-Titled-Tuesday-Blitz-February-20-2024"]
[Site "Chess.com"]
[Date "2024.02.20"]
[Round "3"]
[White "Witik"]
[Black "lachesisQ"]
[Result "1/2-1/2"]
[WhiteElo "2772"]
[BlackElo "3045"]
[TimeControl "180+1"]
[EndTime "8:28:53 PST"]
[Termination "Game drawn by repetition"]

1. d4 Nf6 2. Bf4 g6 3. Nf3 Bg7 4. e3 O-O 5. Nbd2 d6 6. h3 b6 7. a4 a5 8. Be2 Bb7 9. O-O Nbd7 10. Bh2 Re8 11. c3 e5 12. Nc4 exd4 13. cxd4 Nd5 14. Rc1 Nb4 15. Na3 Nf6 16. Nb5 Re7 17. Nd2 Nfd5 18.
Bf3 Rb8 19. Qb3 Rd7 20. Ne4 Ne7 21. Rxc7 Rxc7 22. Nexd6 Bd5 23. Bxd5 Nexd5 24. Nxc7 Qxc7 25. Nxf7 Qxf7 26. Bxb8 Bf8 27. Rc1 h5 28. Be5 Ne7 29. Qxf7+ Kxf7 30. Rc7 Nd3 31. Rb7 Nxb2 32. Rxb6 Nxa4 33.
Ra6 Nb2 34. Rxa5 Nc4 35. Rb5 Nf5 36. Bc7 Ke6 37. Rb7 Be7 38. Bf4 g5 39. Bb8 g4 40.
hxg4 hxg4 41. g3 Nd2 42. Rb6+ Kf7 43. Kg2 Nf3 44. Bf4 Ne1+ 45. Kf1 Nf3 46. Kg2 Ne1+ 47.
Kf1 Nf3 48. Kg2 1/2-1/2

[Event "Early-Titled-Tuesday-Blitz-February-20-2024"]
[Site "Chess.com"]
[Date "2024.02.20"]
[Round "3"]
[White "wanyaland"]
[Black "Jumbo"]
[Result "0-1"]
[WhiteElo "2494"]
[BlackElo "2818"]
[TimeControl "180+1"]
[EndTime "8:28:53 PST"]
[Termination "Jumbo won by checkmate"]

1. d4 Nf6 2. c4 g6 3. Nf3 Bg7 4. g3 c5 5. Bg2 Qa5+ 6. Nc3 Ne4 7. O-O Nxc3 8. Qd2 Nxe2+ 9. Qxe2 cxd4 10. Re1 Nc6 11.
Bd2 Qd8 12. b4 d6 13. b5 d3 14. Qxd3 Bxa1 15. Rxa1 Ne5 16. Nxe5 dxe5 17. Qe3 f6 18. Bd5 Qd6 19. Rd1 Bg4 20. f3 Bf5 21. a3 Rd8 22. Bxb7 O-O 23. Kf2 Be6 24. c5 Qc7 25. c6 Bc4 26. a4 Rd3 27. Qc5 Bd5 28. Ke2 Rd8 29. Kxd3 Bxf3+ 30. Kc2 Bxd1+ 31. Kxd1 Rd4 32. Ke2 Kg7 33. Be3 Rxa4 34. Qd5 Qa5 35. Qd7 Ra2+ 36.
Bd2 Qxb5+ 37. Kf2 Qc5+ 38. Kg2 e4 39. Kh3 e3 40. Bc3 Qh5# 0-1

[Event "Early-Titled-Tuesday-Blitz-February-20-2024"]
[Site "Chess.com"]
[Date "2024.02.20"]
[Round "3"]
[White "Shivananda1964"]
[Black "GMT4114"]
[Result "1-0"]
[WhiteElo "2331"]
[BlackElo "2023"]
[TimeControl "180+1"]
[EndTime "8:28:53 PST"]
[Termination "Shivananda1964 won on time"]

1. e4 e6 2. d4 d5 3. Nd2 h6 4.
Bd3 c5 5. dxc5 Bxc5 6. Ngf3 Nf6 7. Qe2 O-O 8. O-O Nc6 9. c3 a6 10. e5 Nd7 11. Nb3 Ba7 12. Bc2 Re8 13. Bf4 b5 14. Qd3 Nf8 15. Rfe1 Bb7 16. Rad1 Qe7 17. h4 Rac8 18. g4 Red8 19. h5 b4 20. g5 d4 21.
c4 hxg5 22. Bxg5 f6 23. Bh4 a5 24. Nbd2 Qf7 25. Ne4 f5 26. Ng3 Rd7 27. Ng5 Qe8 28. b3 Bb8 29. f4 Nd8 30. Kh2 Nf7 31. Rg1 Re7 32. Nxf7 Rxf7 33. h6 Qc6 34. Nh5 g6 35.
Qg3 Kh8 36. Bf6+ 1-0

[Event "Early-Titled-Tuesday-Blitz-February-20-2024"]
[Site "Chess.com"]
[Date "2024.02.20"]
[Round "3"]
[White "baki83"]
[Black "Triumphmate"]
[Result "1-0"]
[WhiteElo "2893"]
[BlackElo "2509"]
[TimeControl "180+1"]
[EndTime "8:28:57 PST"]
[Termination "baki83 won by resignation"]

1. e4 d5 2. exd5 Nf6 3. Bb5+ c6 4. dxc6 Nxc6 5. Nf3 Bg4 6. h3 Bh5 7. Nc3 e6 8. d3 Be7 9. g4 Bg6 10. Ne5 Rc8 11. h4 Bd6 12. Nxc6 bxc6 13. Ba6 h5 14. g5 Ng4 15. Bxc8 Qxc8 16. Qe2 Qb7 17. Ne4 Be7 18. f3 Ne5 19. d4 Nd7 20. c3 c5 21. Bf4 cxd4 22. cxd4 O-O 23. O-O Nb6 24. Rac1 Nd5 25. Bg3 Qb6 26. Rfd1 Rd8 27. Kh2 Bf8 28. Nc5 Ne7 29.
Na4 Qb4 30. Nc3 Rxd4 31. Rxd4 Qxd4 32. Rd1 Qb6 33. Bd6 Nf5 34. Bxf8 Kxf8 35. Qd2 Nxh4 36. Qd8+ Qxd8 37. Rxd8+ Ke7 38. Ra8 Nxf3+ 39. Kg3 Nxg5 40.
Rxa7+ Kd6 41. a4 f5 42. a5 e5 43. Ra6+ Kc5 44. Rxg6 f4+ 45. Kg2 Nf7 46. a6 1-0

[Event "Early-Titled-Tuesday-Blitz-February-20-2024"]
[Site "Chess.com"]
[Date "2024.02.20"]
[Round "3"]
[White "ContrVersia"]
[Black "Ordekalog"]
[Result "0-1"]
[WhiteElo "2831"]
[BlackElo "2599"]
[TimeControl "180+1"]
[EndTime "8:28:58 PST"]
[Termination "Ordekalog won on time"]

1. Nf3 d5 2. c4 e6 3. g3 c5 4. Bg2 Nc6 5. O-O Nf6 6. cxd5 exd5 7. d4 Be7 8. Nc3 O-O 9. Bg5 cxd4 10. Nxd4 h6 11.
Be3 Re8 12. Qa4 Bd7 13. Rfd1 Bc5 14. Qc2 Qb6 15. Qd2 Rxe3 16. fxe3 Ne7 17. a3 Re8 18. Rac1 a6 19. Rf1 a5 20. Kh1 h5 21. Rf4 Ng6 22.
Rxf6 Qxf6 23. Nxd5 Qd6 24. b4 axb4 25. axb4 Ba7 26.
Ra1 Bb8 27. Nf4 h4 28. Rd1 hxg3 29. hxg3 Ne5 30. Kg1 Nc4 31. Qc3 Nxe3 32. Rd3 Ba7 33. Kf2 Nf5 34. e3 Nxe3 35. Nfe2 Nxg2 36. Kxg2 Qd5+ 37. Kf2 Bb5 38. Re3 Rxe3 39. Kxe3 Bxe2 40. Qc8+ Kh7 41. Qh3+ Qh5 0-1

[Event "Early-Titled-Tuesday-Blitz-February-20-2024"]
[Site "Chess.com"]
[Date "2024.02.20"]
[Round "3"]
[White "Sam_ChessMood"]
[Black "lamomiajunior"]
[Result "1-0"]
[WhiteElo "2939"]
[BlackElo "2726"]
[TimeControl "180+1"]
[EndTime "8:28:59 PST"]
[Termination "Sam_ChessMood won by checkmate"]

1. d4 Nf6 2. c4 e6 3. Nf3 d5 4.
Nc3 Bb4 5. e3 O-O 6. Bd2 b6 7.
cxd5 exd5 8. Rc1 Bb7 9. Bd3 Re8 10. Ne5 Bf8 11. O-O c5 12. f4 Nc6 13. Ne2 Ne4 14. Ng3 Nxg3 15. hxg3 g6 16. g4 Rc8 17. g5 cxd4 18.
exd4 Nxd4 19. Rxc8 Qxc8 20. Bc3 Bc5 21. Kh2 Nf5 22. Ng4 Ne3 23. Nf6+ Kf8 24. Nxh7+ Kg8 25.
Nf6+ Kf8 26. Nh7+ Ke7 27. Re1 Rh8 28. Bf6+ Kd6 29. Be5+ Kd7 30. Qa4+ Bc6 31. Qxa7+ Ke6 32. Kg3 Rxh7 33. b4 Nf5+ 34. Bxf5+ Kxf5 35. bxc5 bxc5 36. Qxc5 Qd7 37. Qd4 Qe6 38. Re3 f6 39. Bxf6 Qd7 40. Re5# 1-0

[Event "Early-Titled-Tuesday-Blitz-February-20-2024"]
[Site "Chess.com"]
[Date "2024.02.20"]
[Round "3"]
[White "Mops_2004"]
[Black "Vaathi_Coming"]
[Result "1-0"]
[WhiteElo "2729"]
[BlackElo "2909"]
[TimeControl "180+1"]
[EndTime "8:28:59 PST"]
[Termination "Mops_2004 won on time"]

1. g3 g6 2. Bg2 Bg7 3. d4 d5 4. Nf3 Nf6 5. O-O O-O 6. c4 dxc4 7.
Na3 Nc6 8. Nxc4 Be6 9. b3 a5 10. a4 Bd5 11. e3 Qb8 12. Ba3 Rd8 13. Nfd2 Bxg2 14. Kxg2 Nd5 15. Qf3 b5 16. axb5 Qxb5 17. Rfc1 e5 18. dxe5 Nxe5 19. Nxe5 Bxe5 20. Ra2 a4 21.
bxa4 Rxa4 22. Rc5 Qd3 23. Nf1 c6 24. e4 Qxf3+ 25. Kxf3 Nc3 26. Ra1 Bd4 27. Rxc6 Nb5 28.
Bb2 Rxa1 29. Bxa1 Bxa1 30. Kg2 Nd4 31. Rc4 Ne6 32. Ne3 Bd4 33. Nd5 Ra8 34. f4 Ra2+ 35. Kh3 Ba7 36. f5 gxf5 37. exf5 Ng5+ 38. Kg4 h6 39. f6 1-0

[Event "Early-Titled-Tuesday-Blitz-February-20-2024"]
[Site "Chess.com"]
[Date "2024.02.20"]
[Round "3"]
[White "ACollins05"]
[Black "Nemegejas"]
[Result "0-1"]
[WhiteElo "2568"]
[BlackElo "2797"]
[TimeControl "180+1"]
[EndTime "8:29:03 PST"]
[Termination "Nemegejas won by resignation"]

1. d4 g6 2. c4 Bg7 3. Nf3 d6 4. Nc3 Nc6 5. e4 e5 6. Be3 exd4 7.
Nxd4 Nf6 8. Be2 O-O 9. O-O Re8 10. f3 Ne5 11. Qd2 a6 12. Rfd1 Bd7 13. Rac1 Rb8 14. Nd5 Nxd5 15. cxd5 c5 16. dxc6 bxc6 17. Nb3 d5 18.
exd5 cxd5 19. Qxd5 Qh4 20. Bf2 Qg5 21. h4 Qh5 22. g4 Qh6 23. Qd2 Bb5 24. Qxh6 Bxh6 25.
Bxb5 axb5 26. g5 Bg7 27. Kg2 Nc4 28. Bd4 Bxd4 29. Nxd4 Ne3+ 30. Kf2 Nxd1+ 31. Rxd1 Rbd8 32. Rd2 h6 33. Nb3 hxg5 34. hxg5 Rxd2+ 35. Nxd2 b4 36. Nb1 Rc8 37. a4 Rc2+ 38. Ke3 Rxb2 39. Nd2 Ra2 40. Kd3 Rxa4 41. Kc4 Ra2 42. Ne4 Ra3 43. Kxb4 Rxf3 44.
Kc5 Kf8 45. Kd5 Ke7 46. Ke5 Rf5+ 47. Kd4 Ke6 48. Nc5+ Rxc5 49. Kxc5 Kf5 50. Kd4 Kxg5 0-1

[Event "Early-Titled-Tuesday-Blitz-February-20-2024"]
[Site "Chess.com"]
[Date "2024.02.20"]
[Round "3"]
[White "DenLaz"]
[Black "ViratKohl_i"]
[Result "1-0"]
[WhiteElo "3034"]
[BlackElo "2523"]
[TimeControl "180+1"]
[EndTime "8:29:03 PST"]
[Termination "DenLaz won by resignation"]

1. d4 Nf6 2. c4 e6 3. Nf3 d5 4. g3 Bb4+ 5. Bd2 Be7 6. Bg2 O-O 7. O-O c6 8. Qc2 Nbd7 9. Bf4 b6 10. cxd5 cxd5 11.
Rc1 Ba6 12. Nc3 Bb7 13. e3 a6 14. a4 Rc8 15. Qd1 Nh5 16. h4 Nxf4 17. exf4 Nf6 18. Bf1 Ne4 19. Bd3 f5 20. Ne2 Bf6 21. Ne5 Qe7 22.
Qb3 Qd8 23. Rxc8 Bxc8 24. Rc1 Bb7 25. Qc2 Nd6 26. b3 Qe7 27. Qd2 Ne4 28. Qe3 Rc8 29. f3 Nd6 30. Kg2 Rc7 31. h5 Nf7 32. Rxc7 Qxc7 33. g4 Nd6 34. Ng3 Bc8 35. Qd2 Bh4 36.
Ne2 Bf6 37. Ng3 Bh4 38. Nf1 Bf6 39. Ne3 a5 40. gxf5 Nxf5 41. Bxf5 exf5 42. Nxd5 Qd8 43. Nxf6+ gxf6 44. Nc4 Be6 45. Qd3 Kf7 46. Ne3 Qg8+ 47. Kf2 Qb8 48. d5 Bd7 49. Qd4 Qd6 50. Nc4 Qb4 51.
Qxb6 Qc3 52. Qc7 Qc2+ 53. Kg3 Ke7 54. Qc5+ Kd8 55. Qf8+ Kc7 56. Qd6+ Kd8 57. Nb6 1-0

[Event "Early-Titled-Tuesday-Blitz-February-20-2024"]
[Site "Chess.com"]
[Date "2024.02.20"]
[Round "3"]
[White "tetrix83"]
[Black "K_A_S_T_O_R"]
[Result "0-1"]
[WhiteElo "2505"]
[BlackElo "2850"]
[TimeControl "180+1"]
[EndTime "8:29:03 PST"]
[Termination "K_A_S_T_O_R won on time"]

1. e4 c5 2. Nf3 d6 3. Bb5+ Nc6 4. O-O Bd7 5. Re1 Nf6 6. c3 a6 7. Bf1 Bg4 8. h3 Bxf3 9. Qxf3 g6 10. d3 Bg7 11.
Be3 Nd7 12. Nd2 O-O 13. Qd1 b5 14. Nf3 b4 15. d4 bxc3 16. bxc3 Qa5 17. Qb3 cxd4 18.
cxd4 Rfb8 19. Qd3 Rc8 20. Rec1 h6 21. a3 Nf6 22. d5 Nd8 23. Rxc8 Rxc8 24. Qxa6 Qxa6 25.
Bxa6 Ra8 26. Bb5 Nxd5 27. Bd4 Bxd4 28. Nxd4 Nc3 29. Bd3 Nb7 30. Nb5 Na4 31. Bc4 Nb6 32.
Bf1 Nc5 33. f3 Ra5 34. Rc1 Nbd7 35. h4 Ne5 36. Rc3 g5 37. hxg5 hxg5 38. Kf2 Kg7 39. Be2 Kf6 40. Rc1 Ra4 41. Rc3 g4 42. Ke3 gxf3 43.
gxf3 Ng6 44. Rc4 Ra5 45. Rb4 Ne5 46. f4 Nc6 47. Rb2 Ra4 48. Nc3 Rxa3 49. Kd2 Rxc3 50. Kxc3 Na4+ 51. Kc2 Nxb2 52. Kxb2 e5 53. f5 Kg5 54.
Kc3 Kf4 55. Bf1 Nd4 56. Kd3 d5 57. exd5 Nxf5 58. Kc4 e4 59. Kc5 Ke5 60. Bh3 Nd6 61.
Bf1 f5 62. Ba6 f4 0-1

[Event "Early-Titled-Tuesday-Blitz-February-20-2024"]
[Site "Chess.com"]
[Date "2024.02.20"]
[Round "3"]
[White "sokidze"]
[Black "DonJuan_34"]
[Result "1-0"]
[WhiteElo "2784"]
[BlackElo "2484"]
[TimeControl "180+1"]
[EndTime "8:29:03 PST"]
[Termination "sokidze won on time"]

1. d4 Nf6 2. c4 g6 3. Nc3 Bg7 4. e4 O-O 5. h3 d6 6. Be3 e5 7. d5 a5 8. g4 Na6 9. Qd2 c6 10. f3 cxd5 11. cxd5 Nd7 12. Nge2 Ndc5 13. Ng3 a4 14. h4 Qa5 15. h5 a3 16. b4 Nxb4 17. Rb1 Bd7 18. Bh6 Nc2+ 19. Qxc2 Bxh6 20.
hxg6 fxg6 21. Rxh6 Rxf3 22. Ne2 Na4 23. Rh3 Raf8 24.
Rxf3 Rxf3 25. Rb3 Bxg4 26. Bg2 Re3 27. Qd2 Nxc3 28. Qxe3 Nxe2+ 29. Qd2 Qc5 30. Bf3 Bxf3 31. Rxf3 Nd4 32. Rc3 Qb6 33. Qc1 Qb4 34. Kf2 Nb5 35. Rc8+ Kg7 36. Qc4 Qd2+ 37. Qe2 Qe3+ 38. Kxe3 1-0

[Event "Early-Titled-Tuesday-Blitz-February-20-2024"]
[Site "Chess.com"]
[Date "2024.02.20"]
[Round "3"]
[White "Arystanner"]
[Black "Jospem"]
[Result "0-1"]
[WhiteElo "2775"]
[BlackElo "3080"]
[TimeControl "180+1"]
[EndTime "8:29:04 PST"]
[Termination "Jospem won by checkmate"]

1. e4 e5 2. Nf3 Nc6 3. Nc3 Nf6 4. d4 exd4 5. Nxd4 Bb4 6. Nxc6 bxc6 7. Bd3 O-O 8. O-O Re8 9. Bg5 h6 10. Bh4 Be7 11.
Re1 d6 12. h3 Nd7 13. Bg3 Bf6 14. Rb1 Rb8 15. Na4 c5 16. b3 Bb7 17. c4 Bd4 18. Qc2 Qf6 19. Rbc1 Ne5 20. Bf1 Ng6 21. Nc3 a6 22.
Nd5 Bxd5 23. exd5 Nh4 24. Bd3 g5 25. Kh2 Kg7 26. Re2 Ng6 27. Rce1 Rxe2 28. Qxe2 a5 29. Bxg6 Kxg6 30. Qe4+ Kg7 31. Qe7 Qxe7 32. Rxe7 Rc8 33.
f4 Kf8 34. Re2 a4 35. fxg5 hxg5 36. Bf2 Bf6 37. Re3 Ra8 38. Rf3 Bb2 39. Kg3 Kg7 40.
Kg4 Kg6 41. Be3 f6 42. Bf2 Be5 43. Rd3 axb3 44. axb3 Ra2 45. Kf3 Rb2 46. g4 f5 47.
gxf5+ Kxf5 48. Bg3 Bf4 49. h4 g4# 0-1

[Event "Early-Titled-Tuesday-Blitz-February-20-2024"]
[Site "Chess.com"]
[Date "2024.02.20"]
[Round "3"]
[White "ChessArchitect64"]
[Black "topce"]
[Result "1-0"]
[WhiteElo "2182"]
[BlackElo "2383"]
[TimeControl "180+1"]
[EndTime "8:29:04 PST"]
[Termination "ChessArchitect64 won by resignation"]

1. d4 Nf6 2. c4 e6 3. g4 h6 4. Nc3 d5 5. cxd5 exd5 6. g5 hxg5 7. Bxg5 Be7 8. Nf3 c6 9. Qb3 Qb6 10. e3 Bf5 11. Be2 Nbd7 12. Ne5 Qxb3 13. axb3 Nxe5 14. dxe5 Ne4 15. Bxe7 Kxe7 16. Nxe4 Bxe4 17. f3 Bc2 18.
Bd1 Bxd1 19. Rxd1 Rh3 20. Kf2 Rah8 21. Kg2 Ke6 22. Ra1 a6 23. Ra4 Kxe5 24. Rg4 g6 25.
Rg5+ Kf6 26. Rg3 Rxg3+ 27. Kxg3 Re8 28. Kf2 Kg5 29. Rg1+ Kf6 30. Rg4 Rh8 31. Kg2 g5 32. Rd4 Ke5 33. Kg3 f5 34. Ra4 f4+ 35. exf4+ gxf4+ 36.
Rxf4 Rh3+ 37. Kxh3 Kxf4 38. Kg2 Ke3 39. h4 d4 40. Kf1 Kf4 41. Ke2 c5 42. Kd3 a5 43.
Kc4 b6 44. Kd3 Kf5 45. Kd2 Kg6 46. f4 Kf6 47. h5 Kf5 48. Kd3 b5 49. Kd2 Kf6 50. Kd3 Kf5 51. Ke2 c4 52. bxc4 bxc4 53. Kd2 a4 54. Kc2 Kxf4 55. h6 Ke3 56. h7 Ke2 57. h8=Q d3+ 58. Kc3 d2 59. Qh2+ Kf3 60. Qxd2 a3 61. bxa3 1-0

[Event "Early-Titled-Tuesday-Blitz-February-20-2024"]
[Site "Chess.com"]
[Date "2024.02.20"]
[Round "3"]
[White "stratacticos"]
[Black "Raffael89"]
[Result "1-0"]
[WhiteElo "1982"]
[BlackElo "1819"]
[TimeControl "180+1"]
[EndTime "8:29:04 PST"]
[Termination "stratacticos won on time"]

1. e4 c6 2. d4 d5 3. e5 c5 4.
dxc5 e6 5. c3 Bxc5 6. b4 Bf8 7.
Nf3 f6 8. Bd3 Nd7 9. Bf4 Nh6 10.
Bxh6 gxh6 11. exf6 Nxf6 12. O-O Bd6 13. Qc1 e5 14.
Nxe5 Bxe5 15. Re1 Qc7 16. f4 Qb6+ 17. Qe3 Qxe3+ 18. Rxe3 Ng4 19. Re2 O-O 20. fxe5 Re8 21. Nd2 Rxe5 22. Rae1 Rxe2 23. Rxe2 Bd7 24. Bxh7+ Kxh7 25. Re7+ Kg6 26. Rxd7 Re8 27. Nf3 Re3 28. Rxb7 Rxc3 29.
Kf1 Rc1+ 30. Ke2 Rc2+ 31. Kd3 Rxa2 32. h3 Nf6 33. g4 Ra4 34. Nd4 Ra3+ 35. Kc2 Kg5 36. Nb3 Ra2+ 37. Kc3 Rh2 38. Rxa7 Rxh3+ 39. Kb2 Kxg4 40. b5 Ne4 41. b6 Nd6 42. Rd7 Nb5 43.
b7 1-0